 Dungeon Crawl Stone Soup version 0.19-a0-644-gd04d753 (webtiles) character file.

261721 esc the Marksminotaur (level 19, -13/177 HPs)
             Began as a Minotaur Gladiator on June 13, 2016.
             Was an Initiate of Gozag.
             Mangled by a vault warden
             ... wielding a +2 long sword of slicing
              (37 damage)
             ... on level 1 of the Vaults on June 14, 2016.
             The game lasted 02:48:43 (45340 turns).

esc the Marksminotaur (Minotaur Gladiator)         Turns: 45340, Time: 02:48:44

Health: -13/177    AC: 33    Str: 25    XL:     19   Next: 20%
Magic:  18/18      EV: 31    Int:  7    God:    Gozag
Gold:   1173       SH:  0    Dex: 28    Spells: 0 memorised, 18 levels left

rFire  + + .     SeeInvis +     a - +8 scimitar of Turmoil {slice, Stlth+}
rCold  + . .     Gourm    .     O - +6 fire dragon armour "Feovomn" {rPois rF++ rC-, rF++, rC-}
rNeg   . . .     Faith    .     (no shield)
rPois  +         Spirit   .     V - +3 crown of Dyrovepreva {rElec Int+2 SInv}
rElec  +         Dismiss  .     W - +2 cloak {rC+}
rCorr  .         Reflect  .     M - +2 pair of gloves {archery}
SustAt .         Harm     .     x - +1 pair of boots {Stlth+}
MR     +....     Clarity  +     j - amulet of rage {+Rage, !d}
Stlth  ++........               e - ring of Generosity {rElec Str+3 Dex+2}
                                T - ring "Uptefat" {Fragile rC+ Str+2 Stlth-}

@: agile, about to teleport, gold aura, flying, very slightly contaminated,
hasted, invisible, very quick, somewhat resistant to hostile enchantments,
unstealthy
A: retaliatory headbutt, horns 2, agile 1, clarity
a: Potion Petition, Call Merchant, Bribe Branch, Renounce Religion, Evoke
Berserk Rage
}: 2/15 runes: barnacled, gossamer


You were on level 1 of the Vaults.
You worshipped Gozag.
Gozag was noncommittal.
You were not hungry.

You visited 6 branches of the dungeon, and saw 31 of its levels.
You also visited: Ice Cave.

You collected 15227 gold pieces.
You spent 5713 gold pieces at shops.
You paid 8341 gold pieces to Gozag.

Inventory:

Hand Weapons
 a - the +8 scimitar of Turmoil (weapon) {slice, Stlth+}
   (You bought it in a shop on level 6 of the Lair of Beasts)

   It inflicts extra damage upon your enemies.
   It makes you more stealthy.
 b - the +7 longbow "Piercer" {penet, EV-2}
   (You bought it in a shop on level 6 of the Lair of Beasts)

   Ammo fired by it will pass through the targets it hits, potentially hitting
   all targets in its path until it reaches maximum range.
   It affects your evasion (-2).
 L - a +3 scimitar of flaming
   (You took it off Erica on level 1 of the Lair of Beasts)
Missiles
 d - 13 throwing nets {=f, !d}
 h - 399 arrows
Armour
 i - the +2 pair of fencer's gloves {LBl+4 SBl+4 EV+3 Dex+6}
   (You found it on level 3 of the Shoals)

   It affects your evasion (+3).
   It affects your dexterity (+6).
 x - a +1 pair of boots of stealth (worn)
   (You bought it in a shop on level 4 of the Dungeon)
 M - a +2 pair of gloves of archery (worn)
   (You found it on level 13 of the Dungeon)
 O - the +6 fire dragon armour "Feovomn" (worn) {rPois rF++ rC-, rF++, rC-}
   (You bought it in a shop on level 2 of the Orcish Mines)

   It greatly protects you from fire.
   It makes you vulnerable to cold.
   It protects you from poison.
 V - the +3 crown of Dyrovepreva (worn) {rElec Int+2 SInv}
   (You found it on level 4 of the Shoals)

   It affects your intelligence (+2).
   It insulates you from electricity.
   It lets you see invisible.
 W - a +2 cloak of cold resistance (worn)
   (You found it in an ice cave)
Jewellery
 e - the ring of Generosity (right hand) {rElec Str+3 Dex+2}
   (You acquired it on level 13 of the Dungeon)

   [ring of strength]

   It affects your strength (+3).
   It affects your dexterity (+2).
   It insulates you from electricity.
 j - an amulet of rage (around neck) {+Rage, !d}
   (You found it on level 11 of the Dungeon)
 I - an uncursed ring of flight {+Fly, !d}
   (You found it in an ice cave)
 T - the ring "Uptefat" (left hand) {Fragile rC+ Str+2 Stlth-}
   (You found it on level 3 of the Spider Nest)

   [ring of loudness]

   It affects your strength (+2).
   It protects you from cold.
   It will be destroyed if unequipped.
   It makes you less stealthy.
Wands
 g - a wand of digging (6/24)
   (You found it on level 3 of the Shoals)
 v - a wand of iceblast (0/15)
   (You found it on level 1 of the Spider Nest)
 y - a wand of teleportation (6/9)
   (You found it on level 7 of the Dungeon)
 Y - a wand of disintegration (9/24)
   (You found it on level 12 of the Dungeon)
 Z - a wand of confusion (38/48)
   (You found it on level 2 of the Shoals)
Scrolls
 m - 6 scrolls of teleportation
 o - 2 scrolls of fog
 s - 2 scrolls of enchant weapon
 D - a scroll of brand weapon
 E - 7 scrolls of remove curse
 H - a scroll of identify
 K - 3 scrolls of fear
 N - 2 scrolls of blinking {!r}
 S - a scroll of enchant armour
 X - 2 scrolls of magic mapping {!r}
Potions
 l - 2 potions of resistance
 p - 6 potions of flight
 q - 4 potions of haste
 r - 11 potions of curing
 t - 4 potions of cure mutation {!q}
 u - 4 potions of cancellation
 w - a potion of agility
 z - a potion of berserk rage {!q}
 G - 3 potions of might
 J - 3 potions of heal wounds
 P - 6 potions of invisibility
Miscellaneous
 Q - a phantom mirror
Comestibles
 f - 19 bread rations {@e1}


   Skills:
 - Level 17.3 Fighting
 - Level 17.5 Long Blades
 + Level 19.7 Bows
 - Level 2.0 Throwing
 - Level 17.0 Armour
 - Level 16.2 Dodging


You had 18 spell levels left.
You didn't know any spells.

Dungeon Overview and Level Annotations

Branches:
Dungeon (14/15)            Temple (0/1) D:6            Lair (6/6) D:9
 Shoals (4/4) Lair:2       Spider (4/4) Lair:3        Slime (0/5) Lair:5
    Orc (2/2) D:12            Elf (0/3) Orc:2        Vaults (1/5) D:13

Altars:
Ashenzari
Cheibriados
Elyvilon
Fedhas
Gozag
Hepliaklqana
Makhleb
Okawaru
Sif Muna
Trog
Xom
Yredelemnul
Jiyva

Shops:
D:4 *   D:8 *   Orc:2 =[%(*   Lair:5 (   Lair:6 ((   Shoals:1 *!%=?*

Annotations:
D:2 Sigmund
D:4 Stormphoenix's ghost, novice OgFi
D:8 st0uf's ghost, novice FoFi
Lair:4 Gruesome's ghost, journeyman FoFi


Innate Abilities, Weirdness & Mutations

You reflexively headbutt those who attack you in melee.
You have a pair of horns on your head.
You are agile. (Dex +2)
You possess an exceptional clarity of mind.


Message History

The vault warden is no longer distracted by gold.
The ironheart preserver is no longer distracted by gold.
The redback is distracted by the nearby gold.
The demonic crawler completely misses you.
You furiously retaliate!
You headbutt the demonic crawler. The demonic crawler closely misses you.
The demonic crawler hits you but does no damage.
The demonic crawler is distracted by the nearby gold.
The deep elf archer unwields an uncursed short sword.
The deep elf archer wields a shortbow.
The deep elf archer shoots an arrow.
The arrow misses the vault warden.
The arrow hits the redback!!
The demonic crawler gives a hideous shriek!
A vault sentinel comes into view. It is wielding a war axe of chopping.
You closely miss the vault warden.
The deep elf mage is distracted by the nearby gold.
The vault warden closely misses you.
The vault warden hits you with an uncursed long sword of slicing!!
* * * LOW HITPOINT WARNING * * *
The vault sentinel blows a loud note on a signal horn!
You take 43 damage, and have 53/177 hp.
MASSIVE DAMAGE!!
Okay, then.
The deep elf mage shouts!
You slash the vault warden!
You headbutt the vault warden, but do no damage.
The jumping spider is no longer distracted by gold.
The jumping spider is distracted by the nearby gold.
The ironheart preserver mumbles some strange words.
The ironheart preserver is healed somewhat.
The demonic crawler completely misses you.
You furiously retaliate!
You headbutt the demonic crawler, but do no damage.
The demonic crawler completely misses you.
The demonic crawler misses you.
The jumping spider hisses angrily.
Okay, then.
You hit the vault warden but do no damage.
You headbutt the vault warden, but do no damage.
The redback is no longer distracted by gold.
The deep elf archer shoots an arrow.
The arrow barely misses the vault warden.
The arrow misses the redback.
The arrow completely misses you.
As you read the scroll of teleportation, it crumbles to dust.
You feel strangely unstable.
The centaur is no longer distracted by gold.
The ironheart preserver is no longer distracted by gold.
The redback is distracted by the nearby gold.
The demonic crawler misses you. You furiously retaliate!
You headbutt the demonic crawler, but do no damage.
The demonic crawler completely misses you.
The demonic crawler hits you but does no damage.
The centaur wields a shortbow.
The centaur shoots an arrow.
The arrow hits the vault warden.
The vault warden barely misses you. The vault warden completely misses you.
You furiously retaliate!
You headbutt the vault warden, but do no damage.
The ironheart preserver throws a stone.
The stone misses the vault warden.
The stone hits the vault warden!!
The vault sentinel blows a loud note on a signal horn!
You hit the vault warden but do no damage.
You headbutt the vault warden.
The redback is no longer distracted by gold.
The deep elf mage is no longer distracted by gold.
The redback is distracted by the nearby gold.
You slice the vault warden!! You headbutt the vault warden.
The vault guard is no longer distracted by gold.
The centaur shoots an arrow.
The arrow hits the vault warden but does no damage.
The ironheart preserver throws a stone.
The stone hits the demonic crawler but does no damage.
You swing at nothing.
The redback is no longer distracted by gold.
The vault warden hits you from afar with a bardiche!
* * * LOW HITPOINT WARNING * * *
The deep elf mage is distracted by the nearby gold.
The ironheart preserver is distracted by the nearby gold.
The centaur shoots an arrow.
The arrow hits the demonic crawler!
The ironheart preserver shouts!
You take 13 damage, and have 41/177 hp.
You slash the vault warden!
The vault sentinel blows a loud note on a signal horn!
The demonic crawler is distracted by the nearby gold.
The vault warden is distracted by the nearby gold.
The demonic crawler gives a hideous shriek!
The vault warden shouts!
You closely miss the vault warden.
The vault warden is no longer distracted by gold.
You headbutt the vault warden, but do no damage.
The demonic crawler is no longer distracted by gold.
The centaur shoots an arrow.
The arrow hits the ironheart preserver!
The vault warden completely misses you. You furiously retaliate!
You headbutt the vault warden.
The redback is distracted by the nearby gold.
The orange demon barely misses you.
You closely miss the vault warden. You headbutt the vault warden.
The vault warden hits you from afar with a bardiche!
* * * LOW HITPOINT WARNING * * *
The deep elf mage hits you but does no damage.
The vault warden hits you with an uncursed long sword of slicing!!!
You die...
Your body crumbles into a pile of gold.

##....# #.###.###.###.#
#....# #..#...#.).#..#
##....# #....>.()∩)...#
..##### ##.#...#...#.## ..#
####.###$#### ..# #...#.$.#
..# ##.)...########
#'###############+###....:.#
)..........ppOpp@s.(#......#
............pp4spe..+......#
...........pep(ps...#......#
...........secps....#......#
........)....ope....#......#
....................#......#
....................#......#
....................########
....................#


You could see 3 ironheart preservers, 4 vault wardens, 2 vault guards, 2 demonic
crawlers, an ogre mage (invisible), an orange demon, 2 vault sentinels, 2 deep
elf archers, an ironbrand convoker, 2 deep elf magi, a jumping spider, 2
redbacks, a centaur and an orc.

Vanquished Creatures
  Nikola (Shoals:2)
  Rupert (Orc:2)
  Jorgrun (Shoals:3)
  An Ice Fiend (IceCv)
  Frances (D:12)
  2 krakens
  Kirke (D:13)
  Roxanne (Shoals:1)
  Ilsuiw (Shoals:3)
  Donald (Shoals:1)
  Aizul (Spider:3)
  3 ghost moths
  A deep elf sorcerer (Vaults:1)
  Louise (Shoals:3)
  9 emperor scorpions
  5 vault wardens (Vaults:1)
  2 orc warlords (Orc:1)
  An ironheart preserver (Vaults:1)
  Azrael (D:12)
  The ghost of Rainbowgamer28 the Warrior, a journeyman VSWn of Yredelemnul (IceCv)
  A spark wasp (Spider:4)
  5 merfolk impalers
  7 merfolk javelineers
  Snorg (Lair:5)
  An ettin (Orc:2)
  Josephine (Lair:5)
  3 ogre magi
  3 entropy weavers
  Erolcha (D:12)
  4 catoblepae
  6 vault guards (Vaults:1)
  Erica (Lair:1)
  6 hydras
  5 merfolk aquamancers
  A merfolk avatar (Shoals:1)
  4 centaur warriors (D:13)
  4 satyrs
  13 death yaks (Lair:6)
  A fire crab (Vaults:1)
  14 sea snakes
  An unseen horror (D:13)
  The ghost of Geppetto the Blocker, a novice FoFi of Lugonu (D:7)
  A tengu zombie (Vaults:1)
  A deep elf archer (Vaults:1)
  3 ironbrand convokers (Vaults:1)
  2 hill giants
  11 orc knights
  The ghost of tstbtto the Cleaver, a novice CeBe of Trog (D:6)
  4 orc sorcerers
  4 cyclopes
  5 harpies
  2 oklob plants (Lair:4)
  2 necromancers
  5 hornets (Spider:4)
  24 orb spiders
  11 griffons
  24 fauns
  36 wolf spiders
  A cyclops (shapeshifter) (D:13)
  7 ugly things (D:13)
  2 moths of wrath (Spider:4)
  9 manticores
  14 elephants
  2 vault sentinels (Vaults:1)
  An ice statue (IceCv)
  Maurice (D:12)
  12 sirens
  Psyche (D:8)
  7 water nymphs
  2 black mambas
  2 torpor snails
  2 gargoyles
  7 spiny frogs
  A spiny frog (shapeshifter) (Vaults:1)
  2 kobold demonologists (D:13)
  A rime drake (Lair:6)
  5 freezing wraiths (IceCv)
  14 yaktaurs
  3 anaconda simulacra (IceCv)
  16 demonic crawlers
  10 komodo dragons
  6 ice devils (IceCv)
  The ghost of Xiguana the Ruffian, a novice VSMo (D:5)
  7 trolls
  3 meliai (Spider:4)
  6 wind drakes
  33 merfolk
  3 polar bears
  55 jumping spiders
  A golden dragon simulacrum (IceCv)
  A boulder beetle (Spider:2)
  3 two-headed ogres
  4 slime creatures (Vaults:1)
  14 snapping turtles
  10 blink frogs
  An ettin zombie (Vaults:1)
  A meliai zombie (D:13)
  73 redbacks
  4 water elementals
  A shadow (D:12)
  3 fire elementals (D:12)
  A dire elephant simulacrum (IceCv)
  5 hogs
  37 tarantellas
  3 basilisks (Lair:6)
  6 wraiths
  58 yaks
  A human (D:7)
  Grum (D:8)
  9 hippogriffs
  4 vampire mosquitoes (D:13)
  A death yak simulacrum (IceCv)
  6 wargs
  A deep troll zombie (Vaults:1)
  3 harpy simulacra (IceCv)
  6 swamp worms (Lair:1)
  6 iron troll simulacra (IceCv)
  4 hydra simulacra (IceCv)
  10 water moccasins
  3 hell hounds (D:12)
  3 porcupines
  An elephant zombie (Lair:3)
  3 black bears
  A black bear (shapeshifter) (Vaults:1)
  56 orc warriors
  A sky beast (D:8)
  5 wasps (Spider:1)
  A boggart (D:13)
  19 ogres
  4 phantoms
  An ettin simulacrum (IceCv)
  A necrophage (D:9)
  18 centaurs
  10 wolves
  12 crocodiles
  10 big kobolds
  14 giant frogs
  3 gnoll sergeants
  2 wyvern zombies
  11 scorpions
  An orc simulacrum (Vaults:1)
  13 killer bees
  A vampire bat (Orc:1)
  9 wights
  10 electric eels
  2 howler monkeys
  8 crimson imps
  4 centaur zombies
  A giant frog zombie (D:9)
  A quasit (D:6)
  A draconian simulacrum (IceCv)
  4 hounds
  5 jellies
  21 orc priests
  A centaur skeleton (D:6)
  A giant frog skeleton (D:7)
  A gnoll shaman (D:9)
  2 iguanas
  14 orc wizards
  8 worker ants
  6 troll simulacra (IceCv)
  A spriggan simulacrum (IceCv)
  5 sheep
  3 centaur simulacra (IceCv)
  A crocodile zombie (Lair:3)
  3 hound skeletons
  A mummy (D:9)
  13 adders
  8 gnolls
  2 howler monkey skeletons
  2 ogre simulacra (IceCv)
  4 naga simulacra (IceCv)
  66 river rats
  A shadow imp (D:8)
  A white imp (IceCv)
  8 ufetubi (IceCv)
  5 oozes
  An adder zombie (D:5)
  2 adder skeletons (D:4)
  4 dart slugs
  13 worms (Lair:1)
  2 giant geckos
  79 orcs
  11 giant cockroaches
  6 goblins
  13 hobgoblins
  10 jackals
  4 quokkas
  A ball python (D:5)
  11 bats
  7 giant newts
  16 kobolds
  8 rats
  A spectral orc (D:6)
  A fungus (Lair:1)
  6 plants
  3 tentacles
1386 creatures vanquished.

Vanquished Creatures (collateral kills)
  4 wights (D:11)
4 creatures vanquished.

Vanquished Creatures (others)
  A water elemental (Shoals:4)
  2 humans (D:13)
  A wolf (D:8)
  A shadow imp (D:13)
  An orc (D:12)
  20 fungi
  42 plants
  47 tentacles
  1788 tentacle segments
1903 creatures vanquished.

Grand Total: 3293 creatures vanquished

Notes
Turn   | Place    | Note
--------------------------------------------------------------
     0 | D:1      | esc the Minotaur Gladiator began the quest for the Orb.
     0 | D:1      | Reached XP level 1. HP: 18/18 MP: 0/0
    89 | D:1      | Reached XP level 2. HP: 21/25 MP: 1/1
    91 | D:1      | Reached skill level 1 in Armour
   176 | D:1      | Reached skill level 3 in Fighting
   308 | D:2      | Found an opulent altar of Gozag.
   316 | D:2      | Became a worshipper of Gozag Ym Sagoz the Greedy
   362 | D:2      | Reached skill level 4 in Long Blades
   362 | D:2      | Reached XP level 3. HP: 17/31 MP: 2/2
   681 | D:2      | Noticed Sigmund
  1096 | D:3      | Reached skill level 2 in Armour
  1104 | D:3      | Reached XP level 4. HP: 34/38 MP: 3/3
  1229 | D:3      | Reached skill level 4 in Dodging
  1554 | D:4      | Noticed Stormphoenix's ghost (novice OgFi)
  1679 | D:4      | Reached XP level 5. HP: 35/46 MP: 4/4
  1704 | D:4      | Found a blossoming altar of Fedhas.
  1755 | D:4      | Reached skill level 4 in Fighting
  1917 | D:4      | Found Utsok's Assorted Antiques.
  1947 | D:4      | Bought a murky puce potion for 20 gold pieces
  1947 | D:4      | Bought a pair of embroidered boots for 103 gold pieces
  1947 | D:4      | Bought a scroll labeled FYDUNU QOLAGU for 23 gold pieces
  1947 | D:4      | Bought an ivory ring for 115 gold pieces
  1993 | D:4      | Reached skill level 5 in Long Blades
  2041 | D:5      | Entered Level 5 of the Dungeon
  2046 | D:5      | Reached skill level 3 in Armour
  2096 | D:5      | Reached XP level 6. HP: 36/53 MP: 5/5
  2539 | D:5      | Noticed Xiguana's ghost (novice VSMo)
  2553 | D:5      | Killed Xiguana's ghost
  2553 | D:5      | Reached skill level 5 in Fighting
  2553 | D:5      | Reached skill level 4 in Armour
  2553 | D:5      | Reached skill level 5 in Dodging
  2553 | D:5      | Reached XP level 7. HP: 44/61 MP: 6/6
  2995 | D:5      | Found a bloodstained altar of Trog.
  3001 | D:5      | Reached skill level 6 in Long Blades
  3122 | D:6      | Reached skill level 5 in Armour
  3122 | D:6      | Reached skill level 6 in Dodging
  3166 | D:6      | Noticed tstbtto's ghost (novice CeBe)
  3187 | D:6      | Reached skill level 6 in Fighting
  3187 | D:6      | Reached XP level 8. HP: 38/70 MP: 7/7
  3392 | D:6      | Found a shimmering altar of Xom.
  3393 | D:6      | Found a hazy altar of Hepliaklqana.
  3394 | D:6      | Noticed a spectral ugly thing
  3422 | D:6      | Found a bloodstained altar of Trog.
  3581 | D:6      | Found a basalt altar of Yredelemnul.
  3610 | D:6      | Reached skill level 7 in Long Blades
  3742 | D:6      | HP: 22/106 [tstbtto's ghost (5)]
  3745 | D:6      | Killed tstbtto's ghost
  3745 | D:6      | Reached skill level 7 in Fighting
  3745 | D:6      | Reached skill level 6 in Armour
  3745 | D:6      | Reached skill level 7 in Dodging
  3800 | D:6      | HP: 18/73 [crimson imp/stone (1)]
  4337 | D:6      | Found a staircase to the Ecumenical Temple.
  4428 | D:7      | Reached XP level 9. HP: 63/79 MP: 8/8
  4517 | D:7      | Noticed Geppetto's ghost (novice FoFi)
  4542 | D:7      | HP: 19/79 [Geppetto's ghost (3)]
  4544 | D:7      | HP: 2/79 [Geppetto's ghost (8)]
  4555 | D:7      | Found a white marble altar of Elyvilon.
  4556 | D:7      | Found a shattered altar of Ashenzari.
  4565 | D:7      | Killed Geppetto's ghost
  4565 | D:7      | Reached skill level 8 in Fighting
  4565 | D:7      | Reached skill level 8 in Long Blades
  4565 | D:7      | Reached skill level 7 in Armour
  4597 | D:7      | HP: 12/81 [centaur/arrow (9)]
  4714 | D:8      | Noticed st0uf's ghost (novice FoFi)
  4787 | D:8      | Found Waoge's Demolitions Depot.
  4837 | D:8      | Noticed Psyche
  4844 | D:8      | Killed Psyche
  4844 | D:8      | Reached skill level 8 in Dodging
  4866 | D:8      | Noticed Grum
  5304 | D:7      | Reached skill level 9 in Long Blades
  5457 | D:7      | Found a burning altar of Makhleb.
  5496 | D:7      | Reached skill level 8 in Armour
  5632 | D:7      | Reached skill level 9 in Fighting
  5632 | D:7      | Reached XP level 10. HP: 58/91 MP: 9/9
  5969 | D:8      | Gained mutation: You are agile. (Dex +2) [potion of beneficial mutation]
  6169 | D:8      | Killed Grum
  6433 | D:8      | Reached skill level 9 in Dodging
  6573 | D:9      | Found an iron altar of Okawaru.
  6641 | D:9      | Found a deep blue altar of Sif Muna.
  6666 | D:9      | Reached skill level 9 in Armour
  6711 | D:9      | Reached skill level 10 in Long Blades
  7133 | D:9      | Reached skill level 10 in Fighting
  7568 | D:9      | Found a staircase to the Lair.
  7710 | D:9      | Found a snail-covered altar of Cheibriados.
  7856 | Lair:1   | Entered Level 1 of the Lair of Beasts
  8222 | Lair:1   | Noticed Erica
  8229 | Lair:1   | Killed Erica
  8229 | Lair:1   | Reached skill level 11 in Long Blades
  8229 | Lair:1   | Reached skill level 10 in Armour
  8229 | Lair:1   | Reached skill level 10 in Dodging
  8229 | Lair:1   | Reached XP level 11. HP: 100/100 MP: 10/10
  8608 | Lair:1   | HP: 24/100 [swamp worm (10)]
  8801 | Lair:1   | HP: 14/100 [komodo dragon (23)]
  9304 | Lair:2   | Reached skill level 11 in Fighting
 10648 | Lair:3   | Noticed a necromancer
 10658 | Lair:3   | Killed a necromancer
 10935 | Lair:3   | Reached skill level 12 in Long Blades
 10935 | Lair:3   | Reached skill level 11 in Armour
 10975 | Lair:3   | Reached skill level 11 in Dodging
 11314 | Lair:3   | Found a hole to the Spider Nest.
 11490 | Lair:3   | Reached XP level 12. HP: 65/111 MP: 11/11
 11691 | Lair:3   | Reached skill level 12 in Fighting
 11984 | Lair:4   | Identified a scroll of acquirement
 12107 | Lair:4   | Noticed Gruesome's ghost (journeyman FoFi)
 12295 | Lair:5   | Bought a glowing scimitar for 104 gold pieces
 12327 | Lair:5   | Noticed a seven-headed hydra
 13021 | Lair:5   | Noticed Josephine
 13029 | Lair:5   | Killed Josephine
 13119 | Lair:5   | Noticed a catoblepas
 13128 | Lair:5   | Killed a catoblepas
 13158 | Lair:5   | Noticed a five-headed hydra
 13167 | Lair:5   | Killed a two-headed hydra
 13167 | Lair:5   | Reached skill level 12 in Armour
 13326 | Lair:5   | Noticed an eight-headed hydra
 13335 | Lair:5   | Killed a four-headed hydra
 13335 | Lair:5   | Reached skill level 13 in Long Blades
 13604 | Lair:5   | Noticed Snorg
 13618 | Lair:5   | Killed Snorg
 13664 | Lair:5   | Reached skill level 12 in Dodging
 13759 | Lair:5   | Found a runed door.
 13759 | Lair:5   | Found a viscous altar of Jiyva.
 13760 | Lair:5   | Found a staircase to the Slime Pits.
 13778 | Lair:5   | HP: 25/112 [12-headed hydra (6)]
 13780 | Lair:5   | Killed an 11-headed hydra
 13780 | Lair:5   | Reached skill level 13 in Fighting
 14329 | Lair:6   | Entered Level 6 of the Lair of Beasts
 14329 | Lair:6   | Noticed a seven-headed hydra
 14479 | Lair:6   | Killed a four-headed hydra
 14717 | Lair:6   | Reached XP level 13. HP: 93/121 MP: 12/12
 14782 | Lair:6   | Reached skill level 13 in Armour
 15146 | Lair:6   | HP: 29/122 [seven-headed hydra (7)]
 15148 | Lair:6   | HP: 14/122 [five-headed hydra (7)]
 15281 | Lair:6   | Reached skill level 14 in Long Blades
 15705 | Lair:6   | Reached skill level 13 in Dodging
 15948 | Lair:6   | HP: 29/123 [catoblepas (3)]
 16303 | Lair:6   | Reached skill level 14 in Fighting
 16573 | Lair:6   | Reached skill level 14 in Armour
 16941 | Lair:6   | Reached XP level 14. HP: 125/133 MP: 13/13
 17442 | Lair:6   | Bought 2 needles of sleeping for 13 gold pieces
 17444 | Lair:6   | Bought the +7 longbow "Piercer" {penet, EV-2} for 711 gold pieces
 17444 | Lair:6   | Bought the +8 scimitar of Turmoil {slice, Stlth+} for 1004 gold pieces
 17912 | Lair:2   | Found a staircase to the Shoals.
 18117 | Lair:2   | Reached skill level 1 in Bows
 18620 | D:10     | Entered Level 10 of the Dungeon
 18665 | D:10     | Reached skill level 15 in Long Blades
 18743 | D:10     | Reached skill level 2 in Bows
 20190 | D:12     | Noticed Maurice
 20199 | D:12     | Killed Maurice
 20261 | D:12     | Noticed Frances
 20272 | D:12     | Noticed Azrael
 20275 | D:12     | Killed Frances
 20275 | D:12     | Reached skill level 3 in Bows
 20304 | D:12     | Killed Azrael
 20304 | D:12     | Reached skill level 14 in Dodging
 20434 | D:12     | Found a staircase to the Orcish Mines.
 20484 | D:12     | Reached skill level 15 in Fighting
 20558 | D:12     | Noticed Erolcha
 20562 | D:12     | Killed Erolcha
 20832 | D:12     | Reached skill level 4 in Bows
 20870 | Orc:1    | Entered Level 1 of the Orcish Mines
 21028 | Orc:1    | Noticed an orc warlord
 21052 | Orc:1    | Killed an orc warlord
 21075 | Orc:1    | Reached skill level 15 in Armour
 21154 | Orc:1    | HP: 33/135 [poisoned by an orc wizard]
 21160 | Orc:1    | HP: 33/135 [poisoned by an orc priest]
 21165 | Orc:1    | HP: 31/135 [poisoned by an orc priest]
 21171 | Orc:1    | HP: 30/135 [poisoned by an orc priest]
 21179 | Orc:1    | HP: 29/135 [poisoned by an orc priest]
 21187 | Orc:1    | HP: 30/135 [poisoned by an orc priest]
 21543 | Orc:1    | Noticed an orc warlord
 21556 | Orc:1    | Killed an orc warlord
 21564 | Orc:1    | Reached skill level 5 in Bows
 22460 | Orc:2    | Entered Level 2 of the Orcish Mines
 22478 | Orc:2    | Noticed Rupert
 22492 | Orc:2    | Killed Rupert
 22492 | Orc:2    | Reached XP level 15. HP: 90/141 MP: 14/14
 22515 | Orc:2    | Found a staircase to the Elven Halls.
 22555 | Orc:2    | Paralysed by an orc sorcerer for 4 turns
 22560 | Orc:2    | HP: 29/141 [orc sorcerer/bolt of negative energy[an orc knight] (24)]
 22586 | Orc:2    | HP: 30/141 [orc knight/war axe (8)]
 22610 | Orc:2    | HP: 16/141 [orc warrior/hand axe[an orc knight] (7)]
 22972 | Orc:2    | Found Yqumij's General Store.
 23061 | Orc:2    | Found a labyrinth entrance.
 23205 | Orc:2    | Found Idghuc Minka's Food Shoppe.
 23205 | Orc:2    | Found Gaufiosm's Antique Armour Shop.
 23211 | Orc:2    | HP: 18/141 [orc warrior/halberd (19)]
 23216 | Orc:2    | Reached skill level 6 in Bows
 23533 | Orc:2    | Upgraded the game from 0.19-a0-628-g9200b3b to 0.19-a0-644-gd04d753
 23993 | Orc:2    | Found Sima Qul's Antique Weapon Emporium.
 23995 | Orc:2    | Found Guqer's Jewellery Boutique.
 24282 | D:13     | Noticed Kirke
 24523 | D:13     | Killed Kirke
 24661 | D:13     | HP: 24/143 [ogre mage/bolt of lightning (36)]
 24687 | D:13     | Found a gate to the Vaults.
 25285 | D:13     | Reached skill level 16 in Long Blades
 25341 | D:13     | Reached skill level 16 in Fighting
 25418 | D:13     | Got a smoking brass ring
 25420 | D:13     | Identified the ring of Generosity {rElec Str+3 Dex+2} (You acquired it on level 13 of the Dungeon)
 25476 | D:13     | Reached skill level 7 in Bows
 26220 | Spider:1 | Entered Level 1 of the Spider Nest
 26224 | Spider:1 | Reached skill level 15 in Dodging
 26934 | Spider:1 | Reached skill level 16 in Armour
 27678 | Spider:1 | Reached XP level 16. HP: 112/152 MP: 15/15
 27691 | Spider:1 | Reached skill level 8 in Bows
 29007 | Orc:2    | Bought a polished fire dragon armour for 1625 gold pieces
 29017 | Orc:2    | Identified the +6 fire dragon armour "Feovomn" {rPois rF++ rC-, rF++, rC-} (You bought it in a shop on level 2 of the Orcish Mines)
 30522 | Spider:3 | Reached skill level 9 in Bows
 31357 | Spider:3 | Reached skill level 17 in Long Blades
 31513 | Spider:3 | Got a pitted copper ring
 31517 | Spider:3 | Identified the ring "Uptefat" {Fragile rC+ Str+2 Stlth-} (You found it on level 3 of the Spider Nest)
 31538 | Spider:3 | Reached skill level 17 in Fighting
 32386 | Spider:4 | Entered Level 4 of the Spider Nest
 32761 | Spider:4 | Found a frozen archway.
 32771 | IceCv    | Entered an ice cave
 32822 | IceCv    | Noticed Rainbowgamer28's ghost (journeyman VSWn)
 32830 | IceCv    | Killed Rainbowgamer28's ghost
 33114 | IceCv    | Reached skill level 16 in Dodging
 34023 | IceCv    | Noticed an Ice Fiend
 34047 | IceCv    | Reached XP level 17. HP: 135/161 MP: 16/16
 34056 | IceCv    | Killed an Ice Fiend
 34056 | IceCv    | Reached skill level 10 in Bows
 34420 | Spider:4 | Reached skill level 17 in Armour
 34988 | Spider:4 | Noticed Aizul
 35019 | Spider:3 | Killed Aizul
 35023 | Spider:3 | Reached skill level 11 in Bows
 35631 | Spider:4 | Reached skill level 12 in Bows
 35969 | Spider:4 | Reached skill level 13 in Bows
 35985 | Spider:4 | Got a gossamer rune of Zot
 36519 | Shoals:1 | Entered Level 1 of the Shoals
 36844 | Shoals:1 | Found Everrono's Food Boutique.
 36916 | Shoals:1 | Found Yvveq's Distillery.
 36940 | Shoals:1 | Found Xudaor's General Store.
 36948 | Shoals:1 | Noticed a kraken
 37293 | Shoals:1 | Killed a kraken
 37305 | Shoals:1 | Bought a scroll of identify for 28 gold pieces
 37349 | Shoals:1 | Bought a potion of heal wounds for 70 gold pieces
 37370 | Shoals:1 | Found Uteatrym's Jewellery Shoppe.
 37381 | Shoals:1 | Reached skill level 14 in Bows
 37413 | Shoals:1 | Found Gomuth's Magic Scroll Shop.
 37464 | Shoals:1 | Bought a scroll of acquirement for 728 gold pieces
 37464 | Shoals:1 | Bought a scroll of teleportation for 42 gold pieces
 37464 | Shoals:1 | Bought a scroll of magic mapping for 49 gold pieces
 37617 | Shoals:1 | Noticed Donald
 37658 | Shoals:1 | Killed Donald
 37827 | Shoals:1 | Noticed Roxanne
 37869 | Shoals:1 | Killed Roxanne
 38139 | Shoals:2 | Identified a +2 rod of ignition (12/12) (You found it on level 2 of the Shoals)
 38189 | Shoals:2 | Noticed Nikola
 38202 | Shoals:2 | Killed Nikola
 38202 | Shoals:2 | Reached skill level 15 in Bows
 38225 | Shoals:2 | Reached XP level 18. HP: 89/170 MP: 17/17
 38458 | Shoals:2 | Got a steaming ring mail
 38463 | Shoals:2 | Identified the +1 ring mail "Fibruuq" {rPois} (You found it on level 2 of the Shoals)
 39150 | Shoals:3 | Noticed Louise
 39156 | Shoals:3 | Killed Louise
 39218 | Shoals:3 | Noticed Jorgrun
 39228 | Shoals:3 | Killed Jorgrun
 39349 | Shoals:3 | Reached skill level 16 in Bows
 39405 | Shoals:3 | Found Ryluac's Retail Resort.
 40147 | Shoals:3 | Got a warped scale mail
 40148 | Shoals:3 | Identified the +2 scale mail of the Bulwark {Int+7 SInv} (You found it on level 3 of the Shoals)
 40202 | Shoals:4 | Entered Level 4 of the Shoals
 40594 | Shoals:4 | HP: 41/170 [snapping turtle (33)]
 41058 | Shoals:4 | Reached skill level 17 in Bows
 41078 | Shoals:4 | Noticed Ilsuiw
 41897 | Shoals:3 | Killed Ilsuiw
 43041 | Shoals:4 | Reached skill level 18 in Bows
 43384 | Shoals:4 | Got a vibrating pewter amulet
 43385 | Shoals:4 | Identified the amulet of the Doge {Gourm rF- rN+ Int+3} (You found it on level 4 of the Shoals)
 43610 | Shoals:4 | Got a barnacled rune of Zot
 44089 | Shoals:1 | Bought a scroll of magic mapping for 98 gold pieces
 44089 | Shoals:1 | Bought a potion of beneficial mutation for 980 gold pieces
 44089 | Shoals:1 | Gained mutation: You possess an exceptional clarity of mind. [potion of beneficial mutation]
 44281 | Vaults:1 | Entered Level 1 of the Vaults
 44787 | Vaults:1 | Reached skill level 19 in Bows
 44793 | Vaults:1 | Reached XP level 19. HP: 171/177 MP: 18/18
 45337 | Vaults:1 | HP: 41/177 [vault warden/bardiche (13)]
 45340 | Vaults:1 | Mangled by a vault warden

Vault maps used:
D:1:      dpeg_arrival_line_fractal
D:2:      hangedman_ru_absence, first_bread, corexii_shack, grunt_gozag_statues,
          uniq_terence, uniq_sigmund
D:3:      minmay_goblin_kobold_house
D:4:      lemuel_coloured_pillars_altar, serial_shops, shop_fountains
D:5:      kennysheep_little_box, nicolae_overflow_hidden_temple,
          hangedman_glass_garden
D:6:      hangedman_cross_stitches, regret_index_temple_of_mockery,
          yredelemnul_forgotten_temple_becter, temple_green,
          trog_ov_bears_minmay
D:7:      kennysheep_mini, grunt_temple_overflow_open, grunt_livestock
D:8:      nicolae_blasting_shop, uniq_grum, uniq_psyche
D:9:      slow_altar_2, okawaru_trees_1, nicolae_overflow_crystal_walls,
          david_lair_shrubbed, minivault_20, minmay_crystal_room
D:12:     kennysheep_orc_monster_closet_entryway, uniq_erolcha, uniq_frances,
          uniq_maurice, uniq_azrael
D:13:     hangedman_vaults_entry_quadrant_bands, serial_corexii_hall,
          corexii_hall_statues_l, corexii_hall_statues_u, spider_trap,
          kb_rosetta, uniq_kirke
D:14:     roderic_lattice_a, eino_house_with_fridge
Lair:1:   worms_lemuel, uniq_erica
Lair:2:   elwin_shoals_entry_stream, fungi_pond_lemuel
Lair:3:   pond_and_an_island_with_a_cottage, spider_nest_entry_webs
Lair:4:   minmay_lair_oklob_chamber
Lair:5:   slime_altar_2, infiniplex_staircase_pool, uniq_josephine, uniq_snorg
Lair:6:   evilmike_catoblepas_cave, minivault_23
Shoals:1: serial_shops, shop, shop, nicolae_shop_window_shopping,
          nicolae_shop_stone, shop, uniq_roxanne, uniq_donald
Shoals:2: nicolae_shoals_loop_pool, uniq_nikola
Shoals:3: nicolae_alphabet_shops, uniq_jorgrun, uniq_louise
Shoals:4: shoals_end_grunt_garden, shoals_ilsuiw_ice
Spider:1: spiders_nest_scorpion_pit, hangedman_spider_tarantella_strand
Spider:2: nicolae_spider_cling_halls
Spider:3: nicolae_spider_circle_web, guppyfry_spider_mini_3
Spider:4: grunt_spider_rune_parallel, portal_ice_cave_entry_pillars_2,
          spider_trap, uniq_aizul
Orc:1:    cheibrodos_orc_bank, roderic_batcave
Orc:2:    st_orc_rangers, serial_shops, shop, lab_entry_generic, uniq_rupert
Vaults:1: vaults_room_ringed_pool, nicolae_vaults_circle_grid_b,
          nicolae_vaults_big_angled_halls, nicolae_vaults_border_crossing,
          v_misc_25, grunt_vaults_twisty, nicolae_vaults_puzzle_piece,
          ontoclasm_vaults_twist, nicolae_vaults_network_periphery,
          v_alt_pattern_2, vaults_dpeg_diagonal, serial_ice_h,
          dpeg_vaults_monster_box, serial_shops, shop
IceCv:    ice_cave_caverns_01

Skill      XL: |  1  2  3  4  5  6  7  8  9 10 11 12 13 14 15 16 17 18 |
---------------+-------------------------------------------------------+-----
Armour         | 1 2 3 4 5 6 8 10 11 12 14 15 16 17 | 17.0
Fighting       | 3 4 5 6 7 9 10 11 13 14 15 16 17 | 17.3
Long Blades    | 4 5 6 7 9 11 12 13 14 15 16 17 | 17.5
Dodging        | 4 5 6 7 8 10 11 12 13 14 15 16 | 16.2
Bows           | 5 7 9 15 19 | 19.7
Throwing       | |  2.0

Action                   |  1- 3 |  4- 6 |  7- 9 | 10-12 | 13-15 | 16-18 | 19-21 || total
-------------------------+-------+-------+-------+-------+-------+-------+-------++-------
Melee: Long sword        |    71 |   158 |    43 |       |       |       |       ||   272
       Headbutt          |     9 |    23 |    68 |   209 |   319 |   287 |    41 ||   956
       Great sword       |       |       |   192 |   211 |       |       |       ||   403
       Falchion          |       |       |       |   444 |       |       |       ||   444
       Scimitar          |       |       |       |   161 |  1062 |   878 |   100 ||  2201
       Longbow           |       |       |       |       |     1 |       |       ||     1
       Unarmed           |       |       |       |       |     7 |       |       ||     7
 Fire: Blowgun           |       |       |       |    16 |     5 |       |       ||    21
       Longbow           |       |       |       |       |   548 |  1184 |    69 ||  1801
Throw: Stone             |       |       |     2 |       |       |       |       ||     2
Invok: Call Merchant     |       |       |       |     1 |     2 |     1 |       ||     4
       Potion Petition   |       |       |       |       |     7 |     2 |     1 ||    10
 Abil: Evoke Flight      |       |       |       |       |       |     1 |       ||     1
Evoke: Wand              |       |     3 |     6 |     4 |    10 |    13 |     1 ||    37
       Fan of gales      |       |       |       |       |     2 |       |       ||     2
       Lamp of fire      |       |       |       |       |       |     1 |       ||     1
  Use: Potion            |     1 |       |     5 |     2 |     3 |     3 |       ||    14
       Scroll            |     2 |    11 |     6 |    12 |     8 |    22 |     3 ||    64
 Stab: Distracted        |       |       |       |     6 |    13 |     5 |     1 ||    25
       Petrified         |       |       |       |       |     5 |       |       ||     5
       Petrifying        |       |       |       |       |     1 |       |       ||     1
       Invisible         |       |       |       |       |    11 |       |       ||    11
       Confused          |       |       |       |       |       |     4 |       ||     4
  Eat: Fruit             |       |     5 |       |     7 |     5 |       |       ||    17
       Beef jerky        |       |     1 |       |     4 |     4 |     1 |       ||    10
       Bread ration      |       |       |     1 |       |       |     6 |       ||     7
       Meat ration       |       |       |     1 |     1 |     5 |     5 |       ||    12
       Pizza             |       |       |       |     9 |     4 |     2 |       ||    15
       Royal jelly       |       |       |       |       |     1 |     1 |       ||     2
Armor: Leather armour    |    15 |       |       |       |       |       |       ||    15
       Chain mail        |     6 |    84 |   118 |   331 |   526 |    51 |       ||  1116
       Skin              |       |       |     2 |       |       |       |       ||     2
       Fire dragon armou |       |       |       |       |       |   582 |    52 ||   634
Dodge: Dodged            |    40 |    76 |   122 |   541 |   977 |  1361 |   131 ||  3248

Vault maps used:
D:1:      dpeg_arrival_line_fractal
D:2:      hangedman_ru_absence, first_bread, corexii_shack, grunt_gozag_statues,
          uniq_terence, uniq_sigmund
D:3:      minmay_goblin_kobold_house
D:4:      lemuel_coloured_pillars_altar, serial_shops, shop_fountains
D:5:      kennysheep_little_box, nicolae_overflow_hidden_temple,
          hangedman_glass_garden
D:6:      hangedman_cross_stitches, regret_index_temple_of_mockery,
          yredelemnul_forgotten_temple_becter, temple_green,
          trog_ov_bears_minmay
D:7:      kennysheep_mini, grunt_temple_overflow_open, grunt_livestock
D:8:      nicolae_blasting_shop, uniq_grum, uniq_psyche
D:9:      slow_altar_2, okawaru_trees_1, nicolae_overflow_crystal_walls,
          david_lair_shrubbed, minivault_20, minmay_crystal_room
D:12:     kennysheep_orc_monster_closet_entryway, uniq_erolcha, uniq_frances,
          uniq_maurice, uniq_azrael
D:13:     hangedman_vaults_entry_quadrant_bands, serial_corexii_hall,
          corexii_hall_statues_l, corexii_hall_statues_u, spider_trap,
          kb_rosetta, uniq_kirke
D:14:     roderic_lattice_a, eino_house_with_fridge
Lair:1:   worms_lemuel, uniq_erica
Lair:2:   elwin_shoals_entry_stream, fungi_pond_lemuel
Lair:3:   pond_and_an_island_with_a_cottage, spider_nest_entry_webs
Lair:4:   minmay_lair_oklob_chamber
Lair:5:   slime_altar_2, infiniplex_staircase_pool, uniq_josephine, uniq_snorg
Lair:6:   evilmike_catoblepas_cave, minivault_23
Shoals:1: serial_shops, shop, shop, nicolae_shop_window_shopping,
          nicolae_shop_stone, shop, uniq_roxanne, uniq_donald
Shoals:2: nicolae_shoals_loop_pool, uniq_nikola
Shoals:3: nicolae_alphabet_shops, uniq_jorgrun, uniq_louise
Shoals:4: shoals_end_grunt_garden, shoals_ilsuiw_ice
Spider:1: spiders_nest_scorpion_pit, hangedman_spider_tarantella_strand
Spider:2: nicolae_spider_cling_halls
Spider:3: nicolae_spider_circle_web, guppyfry_spider_mini_3
Spider:4: grunt_spider_rune_parallel, portal_ice_cave_entry_pillars_2,
          spider_trap, uniq_aizul
Orc:1:    cheibrodos_orc_bank, roderic_batcave
Orc:2:    st_orc_rangers, serial_shops, shop, lab_entry_generic, uniq_rupert
Vaults:1: vaults_room_ringed_pool, nicolae_vaults_circle_grid_b,
          nicolae_vaults_big_angled_halls, nicolae_vaults_border_crossing,
          v_misc_25, grunt_vaults_twisty, nicolae_vaults_puzzle_piece,
          ontoclasm_vaults_twist, nicolae_vaults_network_periphery,
          v_alt_pattern_2, vaults_dpeg_diagonal, serial_ice_h,
          dpeg_vaults_monster_box, serial_shops, shop
IceCv:    ice_cave_caverns_01

Table legend:
 A = Turns spent in this place as a percentage of turns spent in the entire game.
 B = Non-inter-level travel turns spent in this place as a percentage of non-inter-level travel turns spent in the entire game.
 C = Inter-level travel turns spent in this place as a percentage of turns spent in this place.
 D = Turns resting spent in this place as a percentage of non-inter-level travel turns spent in this place.
 E = Turns spent auto-exploring this place as a percentage of non-inter-level travel turns spent in this place.
 F = Non-inter-level travel turns spent in this place divided by the number of levels of this place that you've seen.
                   A       B       C       D       E      F
               +-------+-------+-------+-------+-------+----------------------
         Total | 100.0 | 100.0 |   0.7 |   2.5 |   7.5 | 382.8
       Dungeon |  29.3 |  29.3 |   0.7 |   1.4 |   9.3 | 256.6
          Lair |  24.8 |  24.8 |   0.8 |   2.8 |   5.7 | 505.8
        Shoals |  15.4 |  15.3 |   1.3 |   4.0 |   6.4 | 469.2
   Spider Nest |  17.3 |  17.3 |   0.5 |   2.3 |   8.9 | 530.8
  Orcish Mines |   6.8 |   6.8 |   0.6 |   3.1 |   8.3 | 415.5
        Vaults |   3.5 |   3.5 |   0.0 |   1.9 |   2.6 | 430.0
      Ice Cave |   2.9 |   2.9 |   0.0 |   4.2 |   5.3 | 360.0
               +-------+-------+-------+-------+-------+----------------------

Table legend:
 A = Kills in this place as a percentage of kills in entire the game.
 B = Kills by you in this place as a percentage of kills by you in the entire game.
 C = Kills by friends in this place as a percentage of kills by friends in the entire game.
 D = Other kills in this place as a percentage of other kills in the entire game.
 E = Experience gained in this place as a percentage of experience gained in the entire game.
 F = Experience gained in this place divided by the number of levels of this place that you have seen.
                   A       B       C       D       E      F
               +-------+-------+-------+-------+-------+----------------------
         Total | 100.0 | 100.0 | 100.0 | 100.0 | 100.0 | 12400.1
       Dungeon |  27.6 |  27.4 | 100.0 |   0.0 |  12.8 | 3631.7
          Lair |  20.6 |  20.6 |   0.0 |   0.0 |  17.2 | 11401.0
        Shoals |  12.3 |  12.3 |   0.0 | 100.0 |  25.2 | 24995.8
   Spider Nest |  19.8 |  19.8 |   0.0 |   0.0 |  27.2 | 26983.2
  Orcish Mines |  11.5 |  11.6 |   0.0 |   0.0 |   5.8 | 11529.0
        Vaults |   3.9 |   3.9 |   0.0 |   0.0 |   8.6 | 33927.0
      Ice Cave |   4.3 |   4.4 |   0.0 |   0.0 |   3.2 | 12653.0
               +-------+-------+-------+-------+-------+----------------------
